 Dungeon Crawl Stone Soup version 0.31-a0-876-gfe8ebadbca (webtiles) character file.

Game seed: 13255714798606746253

18 Xavori the Cutter (level 2, -7/21 HPs)
             Began as an Octopode Chaos Knight on Oct 14, 2023.
             Was a Plaything of Xom.
             Mangled by Sigmund
             ... wielding a +0 scythe
              (17 damage)
             ... on level 2 of the Dungeon.
             The game lasted 00:00:55 (5268 turns).

Xavori the Cutter (Octopode Chaos Knight)           Turns: 5268, Time: 00:00:56

Health: -7/21      AC:  1    Str: 11    XL:     2   Next: 70%
Magic:  1/1        EV: 13    Int: 12    God:    Xom [......]
Gold:   24         SH:  0    Dex: 11    Spells: 1/1 levels left

rFire   . . .        a - +0 short sword (chaos)
rCold   . . .        (no shield)
rNeg    . . .        (helmet currently unavailable)
rPois   .            (no amulet)
rElec   .            (no ring)
rCorr   .            (no ring)
SInv    +            (no ring)
Will    .....        (no ring)
Stlth   ++           (no ring)
HPRegen 0.23/turn    (no ring)
MPRegen 0.07/turn    (no ring)
                     (no ring)

%: clarity
@: beast-form
A: beast (slay +0), almost no armour, amphibious, 8 rings, camouflage 1,
gelatinous body 1, (nimble swimmer 1), tentacles, see invisible, clarity, dopey
1, low MP 1, wild magic 1, inability to read after injury 1
a: Begin Untransformation, Renounce Religion


You were on level 2 of the Dungeon.
You worshipped Xom.
You were a very special plaything of Xom.
You were a hulking beast.
You visited 1 branch of the dungeon, and saw 2 of its levels.

You collected 24 gold pieces.

Inventory:

Hand Weapons
 a - a +0 short sword of chaos (weapon)
Talismans
 e - a beast talisman (active)
Scrolls
 b - a scroll of butterflies
 d - a scroll of enchant weapon {unknown}
Potions
 c - a potion of heal wounds {unknown}


   Skills:
 + Level 3.3 Fighting
 + Level 3.4 Short Blades
 + Level 2.6 Dodging
 + Level 0.3 Stealth


You had one spell level left.
You didn't know any spells.
Your spell library was empty.

Dungeon Overview and Level Annotations

Branches:
Dungeon (2/15)

Altars:

Annotations:
D:2 Sigmund


Innate Abilities, Weirdness & Mutations

You are a hulking beast.
Your limbs bulge with bestial killing power. (Slay +0)
You cannot wear most types of armour.
You are amphibious.
You can wear up to eight rings at the same time.
Your skin changes colour to match your surroundings (Stealth+).
Your rubbery body absorbs attacks. (AC +1, EV +1)
((You are camouflaged when in or above water. (Stealth+)))
You have tentacles for arms and can constrict up to eight enemies at once.
You have supernaturally acute eyesight. (SInv)
You possess an exceptional clarity of mind.
You are dopey. (Int -2)
Your magical capacity is low. (-10% MP)
Your spells are a little harder to cast, but a little more powerful.
You occasionally lose the ability to read scrolls when taking damage.


Message History

A giant cockroach comes into view.
You hit the giant cockroach.
Lightning courses through the giant cockroach!
You kill the giant cockroach!
Sigmund the Dreaded comes into view.
He is wielding a +0 scythe.
You miss the frilled lizard. Your grab misses the frilled lizard.
Your squeeze misses the frilled lizard.
Sigmund shouts!
The frilled lizard barely misses you.
You hit the frilled lizard. You freeze the frilled lizard.
You kill the frilled lizard!
Sigmund mumbles some strange words.
Sigmund flickers and vanishes for a moment.
You hear a shout!
There is a stone staircase leading up here.
Sigmund hits you with a +0 scythe.
You hit Sigmund but do no damage. Your grab misses Sigmund.
You closely miss Sigmund. You grab Sigmund. You constrict Sigmund.
Sigmund completely misses you.
You hit Sigmund but do no damage.
Sigmund is lightly wounded.
You constrict Sigmund. You completely miss Sigmund.
Sigmund is lightly wounded.
You constrict Sigmund. Sigmund gestures at you while chanting.
The magic dart hits you!
You hit Sigmund. You freeze Sigmund.
Sigmund is moderately wounded.
You constrict Sigmund. Sigmund closely misses you.
You hit Sigmund.
Sigmund suddenly seems more agile.
Sigmund is heavily wounded.
You constrict Sigmund. You hit Sigmund but do no damage.
Sigmund seems to grow stronger.
Sigmund is heavily wounded.
You constrict Sigmund. Sigmund hits you with a +0 scythe!
Ouch! That really hurt!
You die...
Sigmund begins carving another notch in his scythe.
Xom cackles wildly!

####+#######
#..........#
#..........####
####......[......#
........<........#
###.............#
#........†..##
#####.).....h...#
............(@..#
.............†..+
................+
.......#..........
.......#...........
.......#.............
.......#.............
.......#.............


You could see Sigmund (strong, agile, invisible).

Vanquished Creatures
  2 dart slugs (D:1)
  2 giant cockroaches
  A hobgoblin (D:1)
  2 jackals (D:2)
  2 bats
  A frilled lizard (D:2)
  3 kobolds
13 creatures vanquished.

Notes
Turn   | Place    | Note
-------+----------+-------------------------------------------
     0 | D:1      | Xavori the Octopode Chaos Knight began the quest for the
                  | Orb.
     0 | D:1      | Reached XP level 1. HP: 16/16 MP: 1/1
   170 | D:1      | XOM: divination: detect items
   230 | D:1      | Reached XP level 2. HP: 21/21 MP: 2/2
   769 | D:1      | XOM: silly message
   989 | D:2      | XOM: silly message
  1677 | D:1      | XOM: divination: magic mapping
  1812 | D:1      | XOM: silly message
  3155 | D:1      | XOM: divination: detect items
  3694 | D:1      | XOM: divination: detect items
  4420 | D:1      | XOM: summons 1 hostile shadow creature
  4437 | D:1      | XOM: give mutations
  4437 | D:1      | Gained mutation: You are dopey. (Int -2) [Xom's mischief]
  4437 | D:1      | Gained mutation: You have supernaturally acute eyesight.
                  | (SInv) [Xom's mischief]
  4437 | D:1      | Gained mutation: You are agile. (Dex +4, Str/Int -1) [Xom's
                  | mischief]
  4437 | D:1      | Gained mutation: You occasionally lose the ability to read
                  | scrolls when taking damage. [Xom's mischief]
  4592 | D:1      | XOM is BORED!
  4592 | D:1      | XOM: give mutations
  4592 | D:1      | Lost mutation: You are agile. (Dex +4, Str/Int -1) [Xom's
                  | mischief]
  4592 | D:1      | Gained mutation: You possess an exceptional clarity of
                  | mind. [Xom's mischief]
  4592 | D:1      | Gained mutation: Your spells are a little harder to cast,
                  | but a little more powerful. [Xom's mischief]
  4710 | D:1      | XOM: give mutation
  4710 | D:1      | Gained mutation: Your magical capacity is low. (-10% MP)
                  | [Xom's mischief]
  5185 | D:1      | XOM: summons 2 hostile demons
  5186 | D:1      | Noticed a crimson imp
  5252 | D:2      | Noticed Sigmund
  5268 | D:2      | Mangled by Sigmund

Illustrated notes

Levels and vault maps discovered:
D:1:      wheals_arrival_shading, layout_loops_ring,
          hangedman_decor_clover_reticule
D:2:      layout_basic, shapermc_ecumenical_altar_rom_forum, grunt_ministairs_8,
          corexii_leaking_fountain, uniq_sigmund

Action                     || total
---------------------------++-------
  Melee: Short sword       ||    34
         Constrict         ||     7
         Tentacles         ||     3
    Use: Scroll            ||     1
   Stab: Sleeping          ||     3
 Armour: Skin              ||    14
  Dodge: Dodged            ||    17
   Form: Beast             ||     1

Table legend: (Time is in decaauts)
 A = Elapsed time spent in this place.
 B = Non-inter-level travel time spent in this place.
 C = Inter-level travel time spent in this place.
 D = Time resting spent in this place.
 E = Time spent auto-exploring this place.
 F = Levels seen in this place.
 G = Mean time per level.
                   A        B        C        D        E       F      G
               +--------+--------+--------+--------+--------+-----+--------+
         Total |   5264 |   5185 |     79 |   4553 |    526 |   2 | 2632.0 |
       Dungeon |   5264 |   5185 |     79 |   4553 |    526 |   2 | 2632.0 |
               +--------+--------+--------+--------+--------+-----+--------+

Top non-repeatable levels by time:
     D:1: 5161 daAuts
     D:2: 102 daAuts
